Senators vs RedWings

Created - Thursday, February 11, 2016 at 01:35

Goals
1 2 3 T
Senators 2 3 1 6
RedWings 0 0 1 1
Shots
1 2 3 T
Senators 10 11 5 26
RedWings 7 14 16 37

1st period

1. Senators , Boone Jenner 19 (Michael Grabner, Johnny Oduya) at 6:46 (PP)
2. Senators , Loui Eriksson 19 (Dion Phaneuf, Phil Kessel) at 12:56 (PP)

Penalties :
Joe Colborne (Det) for Fighting (Major) at 0:15, Dion Phaneuf (Ott) for Fighting (Major) at 0:15, Devante Smith-Pelly (Det) for High sticking (Minor) at 1:45, Joe Colborne (Det) for Hooking (Minor) at 6:31, Zach Bogosian (Ott) for High sticking (Minor) at 7:13, Johnny Oduya (Ott) for Interference (Minor) at 10:21, Eric Gryba (Det) for High sticking (Minor) at 11:30, Zach Bogosian (Ott) for High sticking (Minor) at 13:06, Tyler Myers (Ott) for Interference (Minor) at 16:30, Griffin Reinhart (Ott) for Roughing (Minor) at 18:44

2nd period

3. Senators , Phil Kessel 33 (Kyle Turris) at 7:22 (PP)
4. Senators , Boone Jenner 20 (Dion Phaneuf, Tyler Myers) at 17:35
5. Senators , Michael Grabner 13 (Phil Kessel, Zack Kassian) at 19:30

Penalties :
Eric Gryba (Det) for Roughing (Minor) at 3:58, Zac Rinaldo (Det) for Tripping (Minor) at 6:11, Zack Kassian (Ott) for Cross-checking (Minor) at 10:15, Zac Rinaldo (Det) for Hooking (Minor) at 13:30, Zack Kassian (Ott) for Holding (Minor) at 17:10, Steve Downie (Det) for Slashing (Minor) at 17:14

3rd period

6. RedWings , Joe Colborne 3 (Mark Letestu) at 3:56 (PP)
7. Senators , Zach Bogosian 7 (Loui Eriksson, Johnny Oduya) at 5:27

Penalties :
Tyler Myers (Ott) for Holding (Minor) at 3:36, Tyler Myers (Ott) for Hooking (Minor) at 6:35, Bryan Bickell (Ott) for Hooking (Minor) at 16:12

Goalie Stats

Steve Mason (Ott), 36 saves from 37 shots - (0.973), W, 27-16-6, 60:00 minutes
Ben Scrivens (Det), 15 saves from 19 shots - (0.789), L, 1-6-0, 37:35 minutes
Jonas Hiller (Det), 5 saves from 7 shots - (0.714), 22:25 minutes

Players Stats for Senators

Player Name              G  A  P  +/- PIM S  H  SB GA TA FO     MP     PP MP  PK MP  
------------------------------------------------------------------------------------
Boone Jenner             2  0  2   1  0   2  5  0  3  2  15/25  25:44   3:36   9:31 
Bryan Bickell            0  0  0   0  2   1  1  0  2  1  0/0     8:49   0:00   0:00 
Dave Bolland             0  0  0   0  0   1  0  0  0  0  3/6     8:16   0:00   0:00 
Dion Phaneuf             0  2  2   1  5   0  3  3  0  2  0/0    27:24   3:14  11:51 
Griffin Reinhart         0  0  0   0  2   0  1  0  0  1  0/0    11:56   0:00   0:40 
Jake Gardiner            0  0  0   0  0   1  0  1  0  1  0/0    13:46   1:09   0:00 
Jarome Iginla            0  0  0   2  0   2  1  0  2  0  0/0    25:51   3:36   9:15 
Johnny Oduya             0  2  2   2  2   0  4  1  0  1  0/0    20:37   3:45   6:00 
Kyle Chipchura           0  0  0   0  0   1  1  0  0  1  2/8     9:38   0:00   0:49 
Kyle Turris              0  1  1   1  0   2  2  0  1  0  8/9    16:28   4:23   4:40 
Loui Eriksson            1  1  2   1  0   2  0  0  0  1  0/0    11:17   4:23   0:25 
Michael Grabner          1  1  2   1  0   5  1  0  3  1  2/6    13:30   3:35   0:31 
Mike Santorelli          0  0  0   0  0   0  0  1  0  0  0/0     8:48   0:00   0:22 
Phil Kessel              1  2  3   1  0   3  1  0  7  0  2/4    16:08   4:27   5:17 
Tomas Jurco              0  0  0   0  0   0  0  0  0  0  0/0     5:30   0:00   0:00 
Tyler Myers              0  1  1   1  6   2  1  2  0  2  0/0    25:33   4:18   6:31 
Zach Bogosian            1  0  1   2  4   3  1  0  0  2  0/0    23:21   3:45   5:48 
Zack Kassian             0  1  1   1  4   1  1  0  2  1  0/1     8:58   0:04   0:00 

Players Stats for RedWings

Player Name              G  A  P  +/- PIM S  H  SB GA TA FO     MP     PP MP  PK MP  
------------------------------------------------------------------------------------
Aaron Ekblad             0  0  0   0  0   0  0  0  0  1  0/0     4:07   1:07   1:02 
Beau Bennett             0  0  0   0  0   0  0  1  3  0  0/0     4:52   0:00   0:00 
Chris VandeVelde         0  0  0   0  0   2  0  0  2  3  9/18   18:06   7:51   0:00 
Dan Hamhuis              0  0  0   0  0   0  1  0  0  0  0/0     6:40   4:41   0:00 
Derek Forbort            0  0  0   0  0   1  0  0  0  0  0/0     8:55   0:00   0:00 
Devante Smith-Pelly      0  0  0  -1  2   3  2  2  1  1  8/20   24:24   7:27   3:33 
Eric Gryba               0  0  0  -2  4   1  0  2  1  2  0/0    25:34   7:38   3:41 
Jamie McGinn             0  0  0  -1  0   0  2  0  1  0  0/0    21:32   7:51   2:25 
Joe Colborne             1  0  1  -2  7   6  2  2  2  0  0/1    17:01   7:34   1:51 
John-Michael Liles       0  0  0  -1  0   6  2  0  1  2  0/0    28:17   7:46   3:46 
Mark Letestu             0  1  1  -2  0   8  1  3  5  0  0/2    22:29   7:34   5:15 
Mark Pysyk               0  0  0  -2  0   1  1  0  0  0  0/0    15:54   0:00   3:11 
Matt Frattin             0  0  0   0  0   1  0  0  0  0  2/2     6:12   0:00   0:23 
Paul Postma              0  0  0  -1  0   0  0  0  0  0  0/0    30:30   9:37   4:26 
Ryan White               0  0  0  -1  0   3  0  0  1  0  6/10   11:43   0:07   0:00 
Steve Downie             0  0  0  -1  2   2  5  1  5  0  0/3    18:22   7:50   0:00 
TJ Galiardi              0  0  0   0  0   2  0  0  3  1  0/0    12:19   0:00   1:40 
Zac Rinaldo              0  0  0   0  4   1  5  0  0  0  2/3    12:02   0:00   0:59 

3 Stars

1 - Boone Jenner (Ott)
2 - Phil Kessel (Ott)
3 - Steve Mason (Ott)

Power Play

Senators - 3 on 7 Attempt(s) - 42.86%
RedWings - 1 on 10 Attempt(s) - 10.00%

Penalty Kill

Senators - 9 on 10 Attempt(s) - 90.00% - Score 0 goal in Penalty Kill
RedWings - 4 on 7 Attempt(s) - 57.14% - Score 0 goal in Penalty Kill

Team Stat

Senators - Hits : 23 - Faceoff Wins : 32 - Blocked Shots : 8 - Penalty Minutes : 25
RedWings - Hits : 21 - Faceoff Wins : 27 - Blocked Shots : 11 - Penalty Minutes : 19

Official

Referees : Unknown
Linesman : Unknown

Game Notes

Joe Colborne beats up Dion Phaneuf at 0:15 of 1st period
Aaron Ekblad is injured at 9:12 of 1st period (Bruised Left Leg)
Jonas Hiller enters game at 17:35 of 2nd period

Finance

Level 1 -- Attendance: 4257 (70.95%) -- Ticket Income $425,700
Level 2 -- Attendance: 3478 (69.56%) -- Ticket Income $208,680
Level 3 -- Attendance: 1325 (66.25%) -- Ticket Income $46,375
Level 4 -- Attendance: 3015 (75.38%) -- Ticket Income $60,300
Luxury Box -- Attendance: 959 (95.90%) -- Ticket Income $163,030
Game was played at the Joe Louis Arena.
Total Attendance: 13034 (72.41%)
Total Ticket Income: $904,085
Other Income: $443,002
Total Income: $1,347,087

Senators

5 vs 5 Forward 
   Center                   Left Wing                Right Wing               Time % Phy DF OF 
 1 Kyle Turris              Loui Eriksson            Jarome Iginla            35     1   2  2  
 2 Boone Jenner             Tomas Jurco              Phil Kessel              30     1   2  2  
 3 Dave Bolland             Michael Grabner          Zack Kassian             22     1   2  2  
 4 Kyle Chipchura           Bryan Bickell            Mike Santorelli          13     1   2  2  

5 vs 5 Defense 
   Defense                  Defense                                           Time % Phy DF OF 
 1 Dion Phaneuf             Tyler Myers                                       35     1   2  2  
 2 Zach Bogosian            Johnny Oduya                                      30     1   2  2  
 3 Jake Gardiner            Griffin Reinhart                                  22     1   2  2  
 4 Dion Phaneuf             Tyler Myers                                       13     1   2  2  

PowerPlay Forward 
   Center                   Left Wing                Right Wing               Time % Phy DF OF 
 1 Michael Grabner          Boone Jenner             Jarome Iginla            60     1   2  2  
 2 Kyle Turris              Loui Eriksson            Phil Kessel              40     1   2  2  

PowerPlay Defense
   Defense                  Defense                                           Time % Phy DF OF 
 1 Dion Phaneuf             Tyler Myers                                       60     1   2  2  
 2 Zach Bogosian            Johnny Oduya                                      40     1   2  2  

Penalty Kill 4 Players Forward 
   Center                   Wing                     Time % Phy DF OF 
 1 Boone Jenner             Jarome Iginla            60     1   2  2  
 2 Phil Kessel              Kyle Turris              40     1   2  2  

Penalty Kill 4 Players Defense
   Defense                  Defense                  Time % Phy DF OF 
 1 Dion Phaneuf             Tyler Myers              60     1   2  2  
 2 Zach Bogosian            Johnny Oduya             40     1   2  2  

Penalty Kill - 3 Players Forward 
   Forward                                           Time % Phy DF OF 
 1 Phil Kessel                                       60     1   2  2  
 2 Jarome Iginla                                     40     1   2  2  

Penalty Kill - 3 Players Defense
   Defense                  Defense                  Time % Phy DF OF 
 1 Dion Phaneuf             Tyler Myers              60     1   2  2  
 2 Zach Bogosian            Johnny Oduya             40     1   2  2  

4 vs 4 Forward 
   Center                   Wing                     Time % Phy DF OF 
 1 Boone Jenner             Jarome Iginla            60     1   2  2  
 2 Phil Kessel              Kyle Turris              40     1   2  2  

4 vs 4 Defense
   Defense                  Defense                  Time % Phy DF OF 
 1 Dion Phaneuf             Tyler Myers              60     1   2  2  
 2 Zach Bogosian            Johnny Oduya             40     1   2  2  

Last Minutes Offensive
   Center                   Left Wing                Right Wing               Defense                  Defense                  
   Phil Kessel              Boone Jenner             Jarome Iginla            Dion Phaneuf             Tyler Myers              

Last Minutes Defensive
   Center                   Left Wing                Right Wing               Defense                  Defense                  
   Phil Kessel              Boone Jenner             Jarome Iginla            Dion Phaneuf             Tyler Myers              

Goaltenders
Starting : Steve Mason              
Backup : Jacob Markstrom          

Extra Forwards
Normal : Phil Kessel, Jarome Iginla, Michael Grabner - PP : Kyle Turris, Jarome Iginla - PK : Michael Grabner
Extra Defensemen
Normal : Jake Gardiner, Dion Phaneuf, Zach Bogosian - PP : Jake Gardiner - PK : Tyler Myers, Zach Bogosian
Penalty Shots
Loui Eriksson, Jarome Iginla, Phil Kessel, Kyle Turris, Boone Jenner

RedWings

5 vs 5 Forward 
   Center                   Left Wing                Right Wing               Time % Phy DF OF 
 1 Devante Smith-Pelly      Joe Colborne             Mark Letestu             35     1   2  2  
 2 Chris VandeVelde         Jamie McGinn             Steve Downie             30     1   2  2  
 3 Ryan White               TJ Galiardi              Zac Rinaldo              22     1   2  2  
 4 Matt Frattin             Beau Bennett             Devante Smith-Pelly      13     1   2  2  

5 vs 5 Defense 
   Defense                  Defense                                           Time % Phy DF OF 
 1 Paul Postma              John-Michael Liles                                35     1   2  2  
 2 Aaron Ekblad             Eric Gryba                                        30     1   2  2  
 3 Paul Postma              Mark Pysyk                                        22     1   2  2  
 4 Derek Forbort            John-Michael Liles                                13     1   2  2  

PowerPlay Forward 
   Center                   Left Wing                Right Wing               Time % Phy DF OF 
 1 Devante Smith-Pelly      Joe Colborne             Mark Letestu             60     1   2  2  
 2 Chris VandeVelde         Jamie McGinn             Steve Downie             40     1   2  2  

PowerPlay Defense
   Defense                  Defense                                           Time % Phy DF OF 
 1 Paul Postma              John-Michael Liles                                60     1   2  2  
 2 Aaron Ekblad             Eric Gryba                                        40     1   2  2  

Penalty Kill 4 Players Forward 
   Center                   Wing                     Time % Phy DF OF 
 1 Devante Smith-Pelly      Mark Letestu             60     1   2  2  
 2 Joe Colborne             Jamie McGinn             40     1   2  2  

Penalty Kill 4 Players Defense
   Defense                  Defense                  Time % Phy DF OF 
 1 Paul Postma              John-Michael Liles       60     1   2  2  
 2 Aaron Ekblad             Eric Gryba               40     1   2  2  

Penalty Kill - 3 Players Forward 
   Forward                                           Time % Phy DF OF 
 1 Devante Smith-Pelly                               60     1   2  2  
 2 Mark Letestu                                      40     1   2  2  

Penalty Kill - 3 Players Defense
   Defense                  Defense                  Time % Phy DF OF 
 1 Derek Forbort            John-Michael Liles       60     1   2  2  
 2 Aaron Ekblad             Eric Gryba               40     1   2  2  

4 vs 4 Forward 
   Center                   Wing                     Time % Phy DF OF 
 1 Devante Smith-Pelly      Mark Letestu             60     1   2  2  
 2 Joe Colborne             Jamie McGinn             40     1   2  2  

4 vs 4 Defense
   Defense                  Defense                  Time % Phy DF OF 
 1 Mark Pysyk               John-Michael Liles       60     1   2  2  
 2 Aaron Ekblad             Eric Gryba               40     1   2  2  

Last Minutes Offensive
   Center                   Left Wing                Right Wing               Defense                  Defense                  
   Devante Smith-Pelly      Joe Colborne             Mark Letestu             Aaron Ekblad             John-Michael Liles       

Last Minutes Defensive
   Center                   Left Wing                Right Wing               Defense                  Defense                  
   Devante Smith-Pelly      Joe Colborne             Mark Letestu             Aaron Ekblad             John-Michael Liles       

Goaltenders
Starting : Ben Scrivens             
Backup : Jonas Hiller             

Extra Forwards
Normal : Ryan White, TJ Galiardi, Zac Rinaldo - PP : Ryan White, TJ Galiardi - PK : Zac Rinaldo
Extra Defensemen
Normal : Paul Postma, Mark Pysyk, Derek Forbort - PP : Paul Postma - PK : Mark Pysyk, Derek Forbort
Penalty Shots
Devante Smith-Pelly, Mark Letestu, Joe Colborne, Jamie McGinn, Steve Downie

% Time on Ice - Senators

Lines # - Real PCT - Wanted PCT - Time Play
Normal Forward
1 - 33% - 35% - 11:12
2 - 17% - 30% - 5:52
3 - 24% - 22% - 8:16
4 - 25% - 13% - 8:26
Normal Defense
1 - 34% - 35% - 11:37
2 - 31% - 30% - 10:24
3 - 33% - 22% - 11:03
4 - 2% - 13% - 0:42
PP Forward
1 - 46% - 60% - 3:40
2 - 54% - 40% - 4:23
PP Defense
1 - 53% - 60% - 4:18
2 - 47% - 40% - 3:45
PK Forward
1 - 66% - 60% - 10:08
2 - 34% - 40% - 5:18
PK Defense
1 - 70% - 60% - 10:51
2 - 30% - 40% - 4:35
PK3 Forward
1 - 0% - 60%
2 - 0% - 40%
PK3 Defense
1 - 0% - 60%
2 - 0% - 40%
44 Forward
1 - 100% - 60% - 2:45
2 - 0% - 40% - 0:00
44 Defense
1 - 61% - 60% - 1:40
2 - 39% - 40% - 1:05
Last Minute Offensive  - 0:00
Last Minute Defensive  - 0:00
Total
Forward - 60:00
Defense - 60:00

% Time on Ice - RedWings

Lines # - Real PCT - Wanted PCT - Time Play
Normal Forward
1 - 24% - 35% - 8:13
2 - 32% - 30% - 10:55
3 - 29% - 22% - 9:46
4 - 14% - 13% - 4:52
Normal Defense
1 - 20% - 35% - 6:50
2 - 42% - 30% - 14:10
3 - 15% - 22% - 5:05
4 - 23% - 13% - 7:41
PP Forward
1 - 49% - 60% - 7:35
2 - 51% - 40% - 7:51
PP Defense
1 - 50% - 60% - 7:39
2 - 50% - 40% - 7:47
PK Forward
1 - 70% - 60% - 5:38
2 - 30% - 40% - 2:25
PK Defense
1 - 47% - 60% - 3:46
2 - 53% - 40% - 4:17
PK3 Forward
1 - 0% - 60%
2 - 0% - 40%
PK3 Defense
1 - 0% - 60%
2 - 0% - 40%
44 Forward
1 - 87% - 60% - 2:24
2 - 13% - 40% - 0:21
44 Defense
1 - 72% - 60% - 1:59
2 - 28% - 40% - 0:46
Last Minute Offensive  - 0:00
Last Minute Defensive  - 0:00
Total
Forward - 60:00
Defense - 60:00

Play by Play

1st period


0:01 of 1st period - Kyle Turris wins face-off versus Devante Smith-Pelly in neutral zone.
0:14 of 1st period - Snap shot by Kyle Turris.
0:14 of 1st period - Shot Blocked by Mark Letestu.
0:15 of 1st period - Joe Colborne beats up Dion Phaneuf.
0:15 of 1st period - Penalty to Joe Colborne for Fighting.
0:15 of 1st period - Penalty to Dion Phaneuf for Fighting.
0:16 of 1st period - Chris VandeVelde wins face-off versus Boone Jenner in RedWings zone.
0:16 of 1st period - Chris VandeVelde is hit by Boone Jenner.
0:35 of 1st period - Jamie McGinn is hit by Johnny Oduya and loses puck.
1:24 of 1st period - Slapshot by Jake Gardiner.
1:24 of 1st period - Deflect By Michael Grabner.
1:24 of 1st period - Stopped by Ben Scrivens with a rebound.
1:28 of 1st period - Slapshot by Michael Grabner.
1:28 of 1st period - Deflect By Zack Kassian.
1:28 of 1st period - Shot Misses the Net.
1:28 of 1st period - Puck is out of play.
1:29 of 1st period - Kyle Turris wins face-off versus Devante Smith-Pelly in RedWings zone.
1:32 of 1st period - Snap shot by Kyle Turris.
1:32 of 1st period - Shot Misses the Net.
1:34 of 1st period - Snap shot by Kyle Turris.
1:34 of 1st period - Deflect By Jarome Iginla.
1:34 of 1st period - Shot Blocked by Mark Letestu.
1:34 of 1st period - Puck is out of play.
1:35 of 1st period - Kyle Turris wins face-off versus Devante Smith-Pelly in RedWings zone.
1:45 of 1st period - Minor Penalty to Devante Smith-Pelly for High sticking.
1:46 of 1st period - Michael Grabner wins face-off versus Zac Rinaldo in RedWings zone.
3:28 of 1st period - Snap shot by Jarome Iginla.
3:28 of 1st period - Shot Misses the Net.
3:30 of 1st period - Snap shot by Zach Bogosian.
3:30 of 1st period - Stopped by Ben Scrivens with a rebound.
3:45 of 1st period - Penalty to Devante Smith-Pelly is over, Devante Smith-Pelly is back on ice.
4:33 of 1st period - Slapshot by Bryan Bickell.
4:33 of 1st period - Shot Blocked by Beau Bennett.
4:47 of 1st period - Slapshot by Michael Grabner.
4:47 of 1st period - Shot Misses the Net.
4:53 of 1st period - Wrist shot by Michael Grabner.
4:53 of 1st period - Stopped by Ben Scrivens with a rebound.
4:57 of 1st period - Snap shot by Michael Grabner.
4:57 of 1st period - Stopped by Ben Scrivens without a rebound.
4:58 of 1st period - Boone Jenner wins face-off versus Steve Downie in RedWings zone.
5:19 of 1st period - Derek Forbort is hit by Boone Jenner and loses puck.
5:45 of 1st period - Loui Eriksson is hit by Zac Rinaldo and loses puck.
6:14 of 1st period - Slapshot by Tyler Myers.
6:14 of 1st period - Stopped by Ben Scrivens with a rebound.
6:31 of 1st period - Minor Penalty to Joe Colborne for Hooking.
6:32 of 1st period - Zac Rinaldo wins face-off versus Michael Grabner in RedWings zone.
6:46 of 1st period - Snap shot by Boone Jenner.
6:46 of 1st period - Goal by Boone Jenner - Senators : 1 - RedWings : 0.
6:47 of 1st period - Kyle Turris wins face-off versus Chris VandeVelde in neutral zone.
7:13 of 1st period - Minor Penalty to Zach Bogosian for High sticking.
7:14 of 1st period - Boone Jenner wins face-off versus Devante Smith-Pelly in Senators zone.
7:53 of 1st period - Slapshot by Aaron Ekblad.
7:53 of 1st period - Shot Blocked by Dion Phaneuf.
8:01 of 1st period - Slapshot by Aaron Ekblad.
8:01 of 1st period - Shot Misses the Net.
8:03 of 1st period - Snap shot by Chris VandeVelde.
8:03 of 1st period - Shot Misses the Net.
8:13 of 1st period - Snap shot by Steve Downie.
8:13 of 1st period - Stopped by Steve Mason with a rebound.
8:15 of 1st period - Slapshot by John-Michael Liles.
8:15 of 1st period - Shot Misses the Net.
8:26 of 1st period - Icing by Devante Smith-Pelly.
8:27 of 1st period - Phil Kessel wins face-off versus Devante Smith-Pelly in RedWings zone.
8:52 of 1st period - John-Michael Liles is hit by Kyle Turris and loses puck.
9:11 of 1st period - Aaron Ekblad is hit by Phil Kessel and loses puck.
9:12 of 1st period - Aaron Ekblad from RedWings is injured at 9:12 of 1st period (Bruised Left Leg).
9:13 of 1st period - Devante Smith-Pelly wins face-off versus Kyle Turris in RedWings zone.
9:26 of 1st period - Snap shot by John-Michael Liles.
9:26 of 1st period - Shot Misses the Net.
10:00 of 1st period - Wrist shot by TJ Galiardi.
10:00 of 1st period - Deflect By Ryan White.
10:00 of 1st period - Shot Misses the Net.
10:00 of 1st period - Puck is out of play.
10:01 of 1st period - Boone Jenner wins face-off versus Ryan White in Senators zone.
10:01 of 1st period - Boone Jenner is hit by Zac Rinaldo.
10:21 of 1st period - Minor Penalty to Johnny Oduya for Interference.
10:22 of 1st period - Chris VandeVelde wins face-off versus Boone Jenner in Senators zone.
10:39 of 1st period - Off-side.
10:40 of 1st period - Boone Jenner wins face-off versus Chris VandeVelde in neutral zone.
11:07 of 1st period - Boone Jenner is hit by Steve Downie and loses puck.
11:30 of 1st period - Minor Penalty to Eric Gryba for High sticking.
11:31 of 1st period - Devante Smith-Pelly wins face-off versus Boone Jenner in RedWings zone.
12:21 of 1st period - Penalty to Johnny Oduya is over, Johnny Oduya is back on ice.
12:46 of 1st period - Slapshot by Phil Kessel.
12:46 of 1st period - Stopped by Ben Scrivens with a rebound.
12:48 of 1st period - Wrist shot by Loui Eriksson.
12:48 of 1st period - Shot Misses the Net.
12:50 of 1st period - Slapshot by Dion Phaneuf.
12:50 of 1st period - Shot Misses the Net.
12:52 of 1st period - Slapshot by Dion Phaneuf.
12:52 of 1st period - Shot Blocked by Joe Colborne.
12:54 of 1st period - Slapshot by Dion Phaneuf.
12:54 of 1st period - Shot Misses the Net.
12:56 of 1st period - Wrist shot by Loui Eriksson.
12:56 of 1st period - Goal by Loui Eriksson - Senators : 2 - RedWings : 0.
12:57 of 1st period - Dave Bolland wins face-off versus Steve Downie in neutral zone.
13:04 of 1st period - Snap shot by Dave Bolland.
13:04 of 1st period - Stopped by Ben Scrivens with a rebound.
13:06 of 1st period - Wrist shot by Zack Kassian.
13:06 of 1st period - Stopped by Ben Scrivens without a rebound.
13:06 of 1st period - Minor Penalty to Zach Bogosian for High sticking.
13:07 of 1st period - Boone Jenner wins face-off versus Chris VandeVelde in Senators zone.
13:24 of 1st period - Tyler Myers is hit by Steve Downie and loses puck.
13:35 of 1st period - Backhand shot by John-Michael Liles.
13:35 of 1st period - Stopped by Steve Mason without a rebound.
13:36 of 1st period - Devante Smith-Pelly wins face-off versus Phil Kessel in Senators zone.
13:37 of 1st period - Snap shot by Joe Colborne.
13:37 of 1st period - Shot Blocked by Tyler Myers.
13:39 of 1st period - Snap shot by Joe Colborne.
13:39 of 1st period - Stopped by Steve Mason with a rebound.
13:41 of 1st period - Snap shot by Mark Letestu.
13:41 of 1st period - Shot Blocked by Johnny Oduya.
14:01 of 1st period - Snap shot by Mark Letestu.
14:01 of 1st period - Stopped by Steve Mason with a rebound.
14:03 of 1st period - Wrist shot by Devante Smith-Pelly.
14:03 of 1st period - Shot Misses the Net.
14:05 of 1st period - Slapshot by Devante Smith-Pelly.
14:05 of 1st period - Shot Blocked by Tyler Myers.
14:07 of 1st period - Wrist shot by Joe Colborne.
14:07 of 1st period - Shot Misses the Net.
14:49 of 1st period - John-Michael Liles is hit by Michael Grabner and loses puck.
15:06 of 1st period - Penalty to Zach Bogosian is over, Zach Bogosian is back on ice.
15:06 of 1st period - Wrist shot by Mark Letestu.
15:06 of 1st period - Stopped by Steve Mason without a rebound.
15:07 of 1st period - Devante Smith-Pelly wins face-off versus Kyle Chipchura in Senators zone.
15:36 of 1st period - Mike Santorelli is hit by Zac Rinaldo and loses puck.
15:59 of 1st period - Slapshot by Ryan White.
15:59 of 1st period - Stopped by Steve Mason without a rebound.
16:00 of 1st period - Matt Frattin wins face-off versus Michael Grabner in Senators zone.
16:17 of 1st period - Zach Bogosian is hit by Devante Smith-Pelly and loses puck.
16:30 of 1st period - Minor Penalty to Tyler Myers for Interference.
16:31 of 1st period - Chris VandeVelde wins face-off versus Boone Jenner in Senators zone.
17:02 of 1st period - Zach Bogosian is hit by Steve Downie and loses puck.
17:29 of 1st period - Wrist shot by Joe Colborne.
17:29 of 1st period - Stopped by Steve Mason with a rebound.
18:30 of 1st period - Penalty to Tyler Myers is over, Tyler Myers is back on ice.
18:44 of 1st period - Minor Penalty to Griffin Reinhart for Roughing.
18:45 of 1st period - Boone Jenner wins face-off versus Steve Downie in Senators zone.
19:10 of 1st period - Off-side.
19:11 of 1st period - Devante Smith-Pelly wins face-off versus Phil Kessel in neutral zone.
19:14 of 1st period - Phil Kessel is hit by John-Michael Liles and loses puck.
19:39 of 1st period - Slapshot by Jarome Iginla.
19:39 of 1st period - Shot Misses the Net.
19:41 of 1st period - Backhand shot by Johnny Oduya.
19:41 of 1st period - Shot Misses the Net.
19:49 of 1st period - Snap shot by Boone Jenner.
19:49 of 1st period - Shot Blocked by Steve Downie.
Goals for this period are 2 for Senators vs 0 for RedWings.
Shots for this period are 10 for Senators vs 7 for RedWings.

2nd period


0:01 of 2nd period - Boone Jenner wins face-off versus Devante Smith-Pelly in neutral zone.
0:15 of 2nd period - Wrist shot by Joe Colborne.
0:15 of 2nd period - Shot Misses the Net.
0:29 of 2nd period - Slapshot by Mark Letestu.
0:29 of 2nd period - Stopped by Steve Mason with a rebound.
0:44 of 2nd period - Penalty to Griffin Reinhart is over, Griffin Reinhart is back on ice.
0:44 of 2nd period - Icing by Dion Phaneuf.
0:45 of 2nd period - Boone Jenner wins face-off versus Chris VandeVelde in Senators zone.
1:11 of 2nd period - Snap shot by Steve Downie.
1:11 of 2nd period - Stopped by Steve Mason with a rebound.
1:13 of 2nd period - Snap shot by Chris VandeVelde.
1:13 of 2nd period - Stopped by Steve Mason with a rebound.
1:15 of 2nd period - Slapshot by Eric Gryba.
1:15 of 2nd period - Shot Misses the Net.
1:17 of 2nd period - Snap shot by Eric Gryba.
1:17 of 2nd period - Deflect By Steve Downie.
1:17 of 2nd period - Shot Blocked by Dion Phaneuf.
1:17 of 2nd period - Puck is out of play.
1:18 of 2nd period - Ryan White wins face-off versus Dave Bolland in Senators zone.
1:37 of 2nd period - Icing by TJ Galiardi.
1:38 of 2nd period - Ryan White wins face-off versus Dave Bolland in RedWings zone.
2:41 of 2nd period - Snap shot by Mark Letestu.
2:41 of 2nd period - Deflect By Devante Smith-Pelly.
2:41 of 2nd period - Stopped by Steve Mason with a rebound.
2:43 of 2nd period - Slapshot by Eric Gryba.
2:43 of 2nd period - Shot Blocked by Mike Santorelli.
2:45 of 2nd period - Snap shot by Eric Gryba.
2:45 of 2nd period - Stopped by Steve Mason with a rebound.
2:47 of 2nd period - Snap shot by Devante Smith-Pelly.
2:47 of 2nd period - Stopped by Steve Mason without a rebound.
2:48 of 2nd period - Chris VandeVelde wins face-off versus Boone Jenner in Senators zone.
3:44 of 2nd period - Devante Smith-Pelly is hit by Tyler Myers and loses puck.
3:51 of 2nd period - Slapshot by Derek Forbort.
3:51 of 2nd period - Shot Misses the Net.
3:58 of 2nd period - Minor Penalty to Eric Gryba for Roughing.
3:59 of 2nd period - Devante Smith-Pelly wins face-off versus Michael Grabner in RedWings zone.
4:47 of 2nd period - John-Michael Liles is hit by Johnny Oduya.
5:20 of 2nd period - Joe Colborne is hit by Boone Jenner and loses puck.
5:39 of 2nd period - Wrist shot by Phil Kessel.
5:39 of 2nd period - Stopped by Ben Scrivens with a rebound.
5:58 of 2nd period - Penalty to Eric Gryba is over, Eric Gryba is back on ice.
6:11 of 2nd period - Minor Penalty to Zac Rinaldo for Tripping.
6:12 of 2nd period - Kyle Turris wins face-off versus Devante Smith-Pelly in RedWings zone.
7:13 of 2nd period - Eric Gryba is hit by Johnny Oduya.
7:22 of 2nd period - Wrist shot by Kyle Turris.
7:22 of 2nd period - Deflect By Phil Kessel.
7:22 of 2nd period - Goal by Phil Kessel - Senators : 3 - RedWings : 0.
7:23 of 2nd period - Ryan White wins face-off versus Kyle Chipchura in neutral zone.
8:12 of 2nd period - Snap shot by Michael Grabner.
8:12 of 2nd period - Shot Misses the Net.
8:34 of 2nd period - Wrist shot by Michael Grabner.
8:34 of 2nd period - Shot Misses the Net.
9:52 of 2nd period - Wrist shot by Bryan Bickell.
9:52 of 2nd period - Shot Blocked by Eric Gryba.
10:00 of 2nd period - Slapshot by Mark Letestu.
10:00 of 2nd period - Stopped by Steve Mason with a rebound.
10:15 of 2nd period - Minor Penalty to Zack Kassian for Cross-checking.
10:16 of 2nd period - Devante Smith-Pelly wins face-off versus Boone Jenner in Senators zone.
10:22 of 2nd period - Backhand shot by John-Michael Liles.
10:22 of 2nd period - Stopped by Steve Mason without a rebound.
10:23 of 2nd period - Boone Jenner wins face-off versus Devante Smith-Pelly in Senators zone.
10:34 of 2nd period - Snap shot by Joe Colborne.
10:34 of 2nd period - Stopped by Steve Mason with a rebound.
11:07 of 2nd period - Dion Phaneuf is hit by Steve Downie and loses puck.
11:42 of 2nd period - Mark Letestu is hit by Boone Jenner.
11:52 of 2nd period - Slapshot by Jarome Iginla.
11:52 of 2nd period - Stopped by Ben Scrivens with a rebound.
12:15 of 2nd period - Penalty to Zack Kassian is over, Zack Kassian is back on ice.
12:44 of 2nd period - Snap shot by Ryan White.
12:44 of 2nd period - Shot Misses the Net.
12:46 of 2nd period - Wrist shot by Mark Pysyk.
12:46 of 2nd period - Stopped by Steve Mason without a rebound.
12:47 of 2nd period - Ryan White wins face-off versus Kyle Chipchura in Senators zone.
12:50 of 2nd period - Snap shot by Ryan White.
12:50 of 2nd period - Deflect By Zac Rinaldo.
12:50 of 2nd period - Stopped by Steve Mason without a rebound.
12:51 of 2nd period - Zac Rinaldo wins face-off versus Kyle Chipchura in Senators zone.
12:56 of 2nd period - Wrist shot by TJ Galiardi.
12:56 of 2nd period - Stopped by Steve Mason without a rebound.
12:57 of 2nd period - Ryan White wins face-off versus Kyle Chipchura in Senators zone.
13:13 of 2nd period - Wrist shot by TJ Galiardi.
13:13 of 2nd period - Shot Blocked by Jake Gardiner.
13:15 of 2nd period - Wrist shot by TJ Galiardi.
13:15 of 2nd period - Shot Misses the Net.
13:30 of 2nd period - Minor Penalty to Zac Rinaldo for Hooking.
13:31 of 2nd period - Kyle Turris wins face-off versus Devante Smith-Pelly in RedWings zone.
13:49 of 2nd period - Snap shot by Phil Kessel.
13:49 of 2nd period - Shot Misses the Net.
13:51 of 2nd period - Wrist shot by Loui Eriksson.
13:51 of 2nd period - Stopped by Ben Scrivens without a rebound.
13:52 of 2nd period - Michael Grabner wins face-off versus Devante Smith-Pelly in RedWings zone.
14:50 of 2nd period - Jamie McGinn is hit by Dion Phaneuf and loses puck.
15:30 of 2nd period - Penalty to Zac Rinaldo is over, Zac Rinaldo is back on ice.
15:35 of 2nd period - Wrist shot by Phil Kessel.
15:35 of 2nd period - Shot Misses the Net.
15:37 of 2nd period - Slapshot by Johnny Oduya.
15:37 of 2nd period - Shot Misses the Net.
15:49 of 2nd period - Wrist shot by Bryan Bickell.
15:49 of 2nd period - Shot Misses the Net.
15:55 of 2nd period - Slapshot by Bryan Bickell.
15:55 of 2nd period - Stopped by Ben Scrivens with a rebound.
16:09 of 2nd period - Snap shot by Kyle Chipchura.
16:09 of 2nd period - Stopped by Ben Scrivens with a rebound.
16:11 of 2nd period - Slapshot by Jake Gardiner.
16:11 of 2nd period - Deflect By Eric Gryba.
16:11 of 2nd period - Stopped by Ben Scrivens with a rebound.
16:13 of 2nd period - Wrist shot by Kyle Chipchura.
16:13 of 2nd period - Shot Misses the Net.
16:15 of 2nd period - Wrist shot by Kyle Chipchura.
16:15 of 2nd period - Shot Blocked by Devante Smith-Pelly.
16:17 of 2nd period - Snap shot by Jake Gardiner.
16:17 of 2nd period - Shot Blocked by Eric Gryba.
16:43 of 2nd period - Icing by Jake Gardiner.
16:44 of 2nd period - Chris VandeVelde wins face-off versus Zack Kassian in Senators zone.
16:47 of 2nd period - Slapshot by John-Michael Liles.
16:47 of 2nd period - Stopped by Steve Mason with a rebound.
16:49 of 2nd period - Wrist shot by John-Michael Liles.
16:49 of 2nd period - Shot Misses the Net.
17:10 of 2nd period - Minor Penalty to Zack Kassian for Holding.
17:11 of 2nd period - Chris VandeVelde wins face-off versus Boone Jenner in Senators zone.
17:14 of 2nd period - Minor Penalty to Steve Downie for Slashing.
17:15 of 2nd period - Ryan White wins face-off versus Boone Jenner in RedWings zone.
17:29 of 2nd period - Slapshot by Boone Jenner.
17:29 of 2nd period - Shot Blocked by Mark Letestu.
17:31 of 2nd period - Slapshot by Tyler Myers.
17:31 of 2nd period - Stopped by Ben Scrivens with a rebound.
17:33 of 2nd period - Slapshot by Dion Phaneuf.
17:33 of 2nd period - Shot Misses the Net.
17:35 of 2nd period - Snap shot by Boone Jenner.
17:35 of 2nd period - Goal by Boone Jenner - Senators : 4 - RedWings : 0.
17:35 of 2nd period - Jonas Hiller enters game.
17:36 of 2nd period - Boone Jenner wins face-off versus Devante Smith-Pelly in neutral zone.
17:47 of 2nd period - Slapshot by Jarome Iginla.
17:47 of 2nd period - Stopped by Jonas Hiller with a rebound.
17:55 of 2nd period - Snap shot by Mark Letestu.
17:55 of 2nd period - Stopped by Steve Mason with a rebound.
18:07 of 2nd period - Wrist shot by Boone Jenner.
18:07 of 2nd period - Shot Misses the Net.
18:09 of 2nd period - Slapshot by Tyler Myers.
18:09 of 2nd period - Shot Misses the Net.
18:11 of 2nd period - Slapshot by Tyler Myers.
18:11 of 2nd period - Shot Blocked by Devante Smith-Pelly.
18:33 of 2nd period - Eric Gryba is hit by Boone Jenner.
19:10 of 2nd period - Penalty to Zack Kassian is over, Zack Kassian is back on ice.
19:14 of 2nd period - Penalty to Steve Downie is over, Steve Downie is back on ice.
19:30 of 2nd period - Slapshot by Michael Grabner.
19:30 of 2nd period - Goal by Michael Grabner - Senators : 5 - RedWings : 0.
19:31 of 2nd period - Kyle Chipchura wins face-off versus Ryan White in neutral zone.
Goals for this period are 3 for Senators vs 0 for RedWings.
Shots for this period are 11 for Senators vs 14 for RedWings.

3rd period


0:01 of 3rd period - Kyle Turris wins face-off versus Mark Letestu in neutral zone.
0:32 of 3rd period - Slapshot by Loui Eriksson.
0:32 of 3rd period - Shot Blocked by Joe Colborne.
1:05 of 3rd period - Chris VandeVelde is hit by Dion Phaneuf and loses puck.
1:58 of 3rd period - Snap shot by Ryan White.
1:58 of 3rd period - Deflect By TJ Galiardi.
1:58 of 3rd period - Stopped by Steve Mason with a rebound.
2:00 of 3rd period - Slapshot by John-Michael Liles.
2:00 of 3rd period - Deflect By Ryan White.
2:00 of 3rd period - Shot Hit the Post.
2:00 of 3rd period - Puck is out of play.
2:01 of 3rd period - Matt Frattin wins face-off versus Kyle Chipchura in Senators zone.
2:24 of 3rd period - Slapshot by Jake Gardiner.
2:24 of 3rd period - Shot Misses the Net.
3:03 of 3rd period - Jamie McGinn is hit by Kyle Turris and loses puck.
3:36 of 3rd period - Minor Penalty to Tyler Myers for Holding.
3:37 of 3rd period - Boone Jenner wins face-off versus Mark Letestu in Senators zone.
3:56 of 3rd period - Wrist shot by Joe Colborne.
3:56 of 3rd period - Goal by Joe Colborne - Senators : 5 - RedWings : 1.
3:57 of 3rd period - Chris VandeVelde wins face-off versus Boone Jenner in neutral zone.
4:06 of 3rd period - Slapshot by Steve Downie.
4:06 of 3rd period - Deflect By Chris VandeVelde.
4:06 of 3rd period - Stopped by Steve Mason without a rebound.
4:07 of 3rd period - Boone Jenner wins face-off versus Chris VandeVelde in Senators zone.
4:30 of 3rd period - Chris VandeVelde is hit by Dion Phaneuf and loses puck.
4:53 of 3rd period - Tyler Myers is hit by Joe Colborne and loses puck.
5:00 of 3rd period - Snap shot by Mark Letestu.
5:00 of 3rd period - Stopped by Steve Mason with a rebound.
5:02 of 3rd period - Wrist shot by Mark Letestu.
5:02 of 3rd period - Shot Misses the Net.
5:04 of 3rd period - Snap shot by Mark Letestu.
5:04 of 3rd period - Stopped by Steve Mason without a rebound.
5:05 of 3rd period - Kyle Turris wins face-off versus Devante Smith-Pelly in Senators zone.
5:16 of 3rd period - Eric Gryba is hit by Jarome Iginla and loses puck.
5:21 of 3rd period - Snap shot by Kyle Turris.
5:21 of 3rd period - Stopped by Jonas Hiller with a rebound.
5:23 of 3rd period - Slapshot by Johnny Oduya.
5:23 of 3rd period - Shot Misses the Net.
5:25 of 3rd period - Backhand shot by Loui Eriksson.
5:25 of 3rd period - Shot Misses the Net.
5:27 of 3rd period - Slapshot by Zach Bogosian.
5:27 of 3rd period - Goal by Zach Bogosian - Senators : 6 - RedWings : 1.
5:28 of 3rd period - Boone Jenner wins face-off versus Chris VandeVelde in neutral zone.
5:47 of 3rd period - Snap shot by Steve Downie.
5:47 of 3rd period - Shot Misses the Net.
6:31 of 3rd period - Snap shot by Mark Letestu.
6:31 of 3rd period - Stopped by Steve Mason without a rebound.
6:32 of 3rd period - Dave Bolland wins face-off versus Ryan White in Senators zone.
6:32 of 3rd period - Dave Bolland is hit by Zac Rinaldo.
6:35 of 3rd period - Minor Penalty to Tyler Myers for Hooking.
6:36 of 3rd period - Devante Smith-Pelly wins face-off versus Boone Jenner in Senators zone.
6:40 of 3rd period - Slapshot by John-Michael Liles.
6:40 of 3rd period - Deflect By Dion Phaneuf.
6:40 of 3rd period - Stopped by Steve Mason with a rebound.
6:42 of 3rd period - Snap shot by Paul Postma.
6:42 of 3rd period - Deflect By Joe Colborne.
6:42 of 3rd period - Stopped by Steve Mason without a rebound.
6:43 of 3rd period - Boone Jenner wins face-off versus Joe Colborne in Senators zone.
6:52 of 3rd period - Zach Bogosian is hit by Devante Smith-Pelly and loses puck.
7:17 of 3rd period - Snap shot by Mark Letestu.
7:17 of 3rd period - Deflect By Joe Colborne.
7:17 of 3rd period - Stopped by Steve Mason without a rebound.
7:18 of 3rd period - Boone Jenner wins face-off versus Chris VandeVelde in Senators zone.
8:23 of 3rd period - Joe Colborne is hit by Zach Bogosian and loses puck.
8:35 of 3rd period - Penalty to Tyler Myers is over, Tyler Myers is back on ice.
9:00 of 3rd period - Snap shot by Ryan White.
9:00 of 3rd period - Shot Misses the Net.
9:02 of 3rd period - Slapshot by John-Michael Liles.
9:02 of 3rd period - Stopped by Steve Mason with a rebound.
9:04 of 3rd period - Slapshot by TJ Galiardi.
9:04 of 3rd period - Shot Misses the Net.
9:56 of 3rd period - Slapshot by Matt Frattin.
9:56 of 3rd period - Stopped by Steve Mason with a rebound.
10:08 of 3rd period - Dion Phaneuf is hit by Joe Colborne and loses puck.
10:31 of 3rd period - Dion Phaneuf is hit by Jamie McGinn and loses puck.
11:00 of 3rd period - Slapshot by TJ Galiardi.
11:00 of 3rd period - Deflect By Ryan White.
11:00 of 3rd period - Stopped by Steve Mason with a rebound.
11:02 of 3rd period - Slapshot by Derek Forbort.
11:02 of 3rd period - Stopped by Steve Mason with a rebound.
11:04 of 3rd period - Snap shot by TJ Galiardi.
11:04 of 3rd period - Deflect By Ryan White.
11:04 of 3rd period - Stopped by Steve Mason with a rebound.
11:26 of 3rd period - Slapshot by John-Michael Liles.
11:26 of 3rd period - Stopped by Steve Mason with a rebound.
11:28 of 3rd period - Slapshot by Devante Smith-Pelly.
11:28 of 3rd period - Stopped by Steve Mason with a rebound.
11:51 of 3rd period - Jake Gardiner is hit by Steve Downie and loses puck.
12:25 of 3rd period - Zack Kassian is hit by Mark Letestu and loses puck.
12:48 of 3rd period - Devante Smith-Pelly is hit by Zack Kassian.
13:07 of 3rd period - Icing by Griffin Reinhart.
13:08 of 3rd period - Chris VandeVelde wins face-off versus Dave Bolland in Senators zone.
13:39 of 3rd period - Bryan Bickell is hit by John-Michael Liles.
13:43 of 3rd period - Joe Colborne is hit by Bryan Bickell and loses puck.
14:00 of 3rd period - Eric Gryba is hit by Griffin Reinhart.
14:34 of 3rd period - Icing by Jake Gardiner.
14:35 of 3rd period - Kyle Chipchura wins face-off versus Ryan White in Senators zone.
14:35 of 3rd period - Kyle Chipchura is hit by Mark Pysyk.
14:55 of 3rd period - Slapshot by Michael Grabner.
14:55 of 3rd period - Stopped by Jonas Hiller without a rebound.
14:56 of 3rd period - Dave Bolland wins face-off versus Chris VandeVelde in RedWings zone.
15:35 of 3rd period - Slapshot by Mark Letestu.
15:35 of 3rd period - Shot Misses the Net.
16:12 of 3rd period - Minor Penalty to Bryan Bickell for Hooking.
16:13 of 3rd period - Phil Kessel wins face-off versus Chris VandeVelde in Senators zone.
16:26 of 3rd period - Snap shot by Kyle Turris.
16:26 of 3rd period - Stopped by Jonas Hiller with a rebound.
16:45 of 3rd period - Johnny Oduya is hit by Jamie McGinn and loses puck.
17:04 of 3rd period - Wrist shot by Dan Hamhuis.
17:04 of 3rd period - Shot Blocked by Dion Phaneuf.
17:16 of 3rd period - Johnny Oduya is hit by Dan Hamhuis and loses puck.
17:53 of 3rd period - Joe Colborne is hit by Johnny Oduya and loses puck.
18:08 of 3rd period - Snap shot by Zach Bogosian.
18:08 of 3rd period - Stopped by Jonas Hiller without a rebound.
18:09 of 3rd period - Chris VandeVelde wins face-off versus Michael Grabner in RedWings zone.
18:12 of 3rd period - Penalty to Bryan Bickell is over, Bryan Bickell is back on ice.
19:13 of 3rd period - TJ Galiardi is hit by Kyle Chipchura.
19:56 of 3rd period - Johnny Oduya is hit by Zac Rinaldo and loses puck.
Goals for this period are 1 for Senators vs 1 for RedWings.
Shots for this period are 5 for Senators vs 16 for RedWings.